 Dungeon Crawl Stone Soup version 0.17-a0-2069-g0f4ee5b (webtiles) character file.

231 4thArraOfDagon the Chopper (level 6, 0/47 HPs)
             Began as a Formicid Gladiator on Oct 13, 2015.
             Slain by an ogre
             ... wielding a +0 giant club
              (19 damage)
             ... on level 7 of the Dungeon.
             The game lasted 00:02:33 (454 turns).

4thArraOfDagon the Chopper (Formicid Gladiator)      Turns: 454, Time: 00:02:33

Health: 0/47       AC:  3    Str: 19    XL:     6   Next: 24%
Magic:  6/6        EV: 12    Int: 10    God:
Gold:   70         SH:  0    Dex:  9    Spells: 0 memorised, 5 levels left

rFire  . . .     SeeInvis +     a - +3 war axe
rCold  . . .     Clarity  .     b - +0 leather armour
rNeg   . . .     SustAt   .     (no shield)
rPois  .         Gourm    .     (helmet unavailable)
rElec  .         Spirit   .     (no cloak)
rCorr  .         Warding  .     (no gloves)
rMut   .         Stasis   +     (no boots)
MR     .....                    (no amulet)
Stlth  +.........               (no ring)
                                (no ring)

@: not resistant to hostile enchantments, very unstealthy
A: permanent stasis, dig shafts and tunnels, four strong arms, antennae 3,
hooves 1, clumsy 1, deterioration 1
a: Dig, Shaft Self


You were on level 7 of the Dungeon.
You were not hungry.

You visited 1 branch of the dungeon, and saw 7 of its levels.

You collected 70 gold pieces.

Inventory:

Hand Weapons
 a - a +3 war axe (weapon)
Armour
 b - a +0 leather armour (worn)
Scrolls
 c - a scroll of blinking {unknown}
 h - a scroll of remove curse
 i - a scroll of identify {unknown}
Potions
 e - a potion of haste
Books
 f - a book of Summonings

   Spells                             Type                      Level
   a - Recall                         Summoning/Translocation      3
   b - Aura of Abjuration             Summoning                    5
   c - Shadow Creatures               Summoning                    5
   d - Summon Demon                   Summoning                    5
   e - Summon Forest                  Summoning/Translocation      5
   f - Summon Mana Viper              Hexes/Summoning              5
Comestibles
 d - a bread ration
 j - a chunk of flesh


   Skills:
 + Level 3.4 Fighting
 * Level 4.6 Axes
 - Level 1.5 Throwing
 + Level 2.5 Armour
 + Level 3.6 Dodging


You had 5 spell levels left.
You didn't know any spells.

Dungeon Overview and Level Annotations

Branches:
Dungeon (7/15)
 Temple: D:4-7

Altars:


Innate Abilities, Weirdness & Mutations

You are under a permanent stasis effect.
You can dig through walls and to a lower floor.
Your four strong arms can wield two-handed weapons with a shield.
You have a pair of large antennae on your head (SInv).
You have large cloven feet.
You are clumsy. (Dex -2)
Your body sometimes deteriorates upon taking damage.


Message History

You hit the ogre. You kick the ogre, but do no damage.
The ogre is lightly wounded.
The ogre struggles against the net.
You slash the ogre!
The ogre is heavily wounded.
The ogre struggles against the net.
The net rips apart, and the ogre comes free!
You hit the ogre. You kick the ogre, but do no damage.
The ogre is severely wounded.
The ogre barely misses you.
Throwing (i - inventory):
g - a throwing net (quivered)
Press: ? - help, Shift-Dir - straight line, f/p - ogre
Aim: an ogre, wielding a giant club (severely wounded)
You throw a throwing net.
The throwing net closely misses the ogre.
The ogre hits you with a giant club!
You barely miss the ogre.
The ogre is severely wounded.
The ogre hits you with a giant club!!
You die...

....... ....#
.......###....#
.....?........# .
..............#..
.................
................%
##....†.............
.....................
...
....##...@...........
..# ...
#....O......... ..# .
#.............. ..#
#...........# ..#
#....>......# ..#
##...........# ..#
#............# ..#
#........#..(# ..#
#........#...#


You could see an ogre.

Vanquished Creatures
  A black bear (D:6)
  An ogre (D:6)
  An iguana (D:7)
  An adder (D:4)
  A giant gecko (D:7)
  2 hobgoblins
  A kobold (D:2)
  A quokka (D:6)
9 creatures vanquished.

Notes
Turn   | Place    | Note
--------------------------------------------------------------
     0 | D:1      | 4thArraOfDagon the Formicid Gladiator began the quest for the Orb.
     0 | D:1      | Reached XP level 1. HP: 16/16 MP: 1/1
     9 | D:1      | You fall through a shaft!
    23 | D:2      | You fall through a shaft!
    52 | D:4      | Reached XP level 2. HP: 17/23 MP: 2/2
    88 | D:4      | You fall through a shaft for 3 floors!
   167 | D:6      | Noticed a black bear
   176 | D:6      | Killed a black bear
   176 | D:6      | Reached skill level 4 in Axes
   176 | D:6      | Reached skill level 1 in Armour
   176 | D:6      | Reached XP level 3. HP: 27/29 MP: 3/3
   176 | D:6      | Reached XP level 4. HP: 32/35 MP: 4/4
   176 | D:6      | Reached XP level 5. HP: 37/41 MP: 5/5
   226 | D:6      | Noticed an ogre
   240 | D:6      | Killed an ogre
   240 | D:6      | Reached XP level 6. HP: 9/47 MP: 6/6
   263 | D:5      | Entered Level 5 of the Dungeon
   264 | D:5      | Gained mutation: You are clumsy. (Dex -2) [potion of mutation]
   264 | D:5      | Gained mutation: You have large cloven feet. [potion of mutation]
   264 | D:5      | Gained mutation: Your body sometimes deteriorates upon taking damage. [potion of mutation]
   376 | D:7      | Noticed an ogre
   454 | D:7      | Slain by an ogre

Vault maps used:
D:1:      tarquinn_simple_flora_water_c
D:2:      lemuel_crystal_altar, first_bread, hangedman_decor_opposing,
          moated_statue, nemelex_spade_bored_becter
D:3:      cheibrodos_ashenzari_chains, ecumenical_altar_1,
          uniq_crazy_yiuf_cottage
D:4:      elyvilon_altar_3, minmay_temple_entry_trees, minivault_5,
          minivault_27, serial_bayou_ford_a
D:5:      grunt_qazlal_clouds, nicolae_elemental_shop, uniq_pikel
D:6:      minmay_lizard_king
D:7:      serial_shops, shop

Action                   |  1- 3 |  4- 6 || total
-------------------------+-------+-------++-------
Melee: War axe           |    15 |    22 ||    37
Throw: Throwing net      |     4 |     6 ||    10
 Abil: Shaft Self        |     3 |       ||     3
       Dig               |     2 |     1 ||     3
  Use: Scroll            |     6 |       ||     6
       Potion            |       |     1 ||     1
 Stab: Held in net/web   |     3 |     6 ||     9
  Eat: Chunk             |       |     1 ||     1
